Map: Abyssal Reef LE

Players

Railgan

  • Race: Terran Terran
  • League: Grandmaster
  • Spawn Location: 5:00

DevidKiMwon - Winner!

  • Race: Zerg Zerg
  • League: Master
  • Spawn Location: 11:00

VOD

Have the link to the VOD?

Description

Time

  • Played on: March 5, 2017, 9:24 a.m.
  • Length: 4:59
Show
View Real Time Build Order
Export as new Build Order

Railgan Terran 

Build Orders: Command Center First (CC) 

Get SALT Encoding   

  12  0:01  SCV  
  13  0:13  SCV  
  14  0:25  SCV  
  15  0:28  Supply Depot  
  15  0:55  Command Center  
  15  0:56  SCV  
  16  1:08  SCV  
  16  1:11  Barracks  
  17  1:19  Refinery  
  17  1:20  SCV  
  18  1:29  Refinery  
  19  1:32  SCV  
  19  1:44  SCV  
  20  1:57  SCV  
  21  2:01  Marine  
  21  2:07  Orbital Command  
  22  2:09  Orbital Command  
  22  2:23  Marine  
  22  2:24  Factory  
  23  2:33  SCV  
  23  2:36  SCV  
  25  2:43  Barracks Reactor  
  25  2:45  SCV  
  25  2:48  SCV  
  27  2:53  Factory  
  27  2:57  SCV  
  28  3:00  SCV  
  28  3:04  Supply Depot  
  29  3:09  Widow Mine, SCV  
  29  3:12  SCV  
  33  3:21  SCV  
  33  3:24  SCV  
  35  3:27  Starport, Barracks Tech Lab  
  35  3:32  Supply Depot  
  35  3:33  SCV  
  36  3:37  SCV  
  39  3:41  Hellion  
  39  3:47  SCV  
  40  3:50  Hellion  
  40  3:51  Hellion  
  40  3:54  Refinery, SCV  
  45  3:55  Refinery  
  45  3:56  Factory  
  45  3:59  SCV  
  45  4:00  Supply Depot  
  45  4:02  Supply Depot  
  46  4:06  Hellion  
  30  4:17  Hellion  
  30  4:20  Hellion  
  25  4:27  SCV  
  25  4:28  Hellion  
  19  4:41  SCV  
Show
View Real Time Build Order
Export as new Build Order

DevidKiMwon Zerg - Winner!

Build Orders: Hatch First 

Get SALT Encoding   

  12  0:00  Drone  
  13  0:12  Overlord  
  13  0:25  Drone  
  14  0:32  Drone x2  
  16  0:51  Hatchery  
  16  0:55  Drone  
  16  1:02  Drone  
  17  1:13  Spawning Pool  
  17  1:16  Drone  
  17  1:24  Drone  
  17  1:25  Extractor, Drone  
  18  1:30  Drone  
  19  1:40  Drone  
  20  1:51  Overlord  
  20  2:02  Queen  
  20  2:03  Queen  
  20  2:04  Zergling x2  
  20  2:06  Zergling x2  
  26  2:12  Drone  
  26  2:14  Drone  
  28  2:23  Drone  
  28  2:24  Metabolic Boost  
  28  2:28  Drone  
  30  2:33  Drone  
  30  2:35  Drone  
  32  2:45  Baneling Nest  
  32  2:46  Overlord  
  32  2:47  Drone  
  32  2:59  Zergling x4  
  34  3:10  Zergling x2  
  34  3:11  Zergling x14  
  42  3:21  Zergling x4  
  44  3:29  Baneling  
  44  3:30  Baneling x3, Overlord  
  44  3:33  Overlord  
  46  3:48  Zergling x14  
  46  3:50  Baneling x3  
  46  3:51  Overlord  
  51  4:01  Overlord x2  
  50  4:16  Zergling x14  
  49  4:21  Drone  
  49  4:25  Zergling x2  
  49  4:27  Drone  
  50  4:37  Zergling x2  
  49  4:40  Zergling x2  
Tags
 
Add a new tag
Caveats
  • Supply blocks, unpowered buildings, or Contaminate may cause inaccurate times.
  • Supply counts are checked every 10 seconds.